 Dungeon Crawl Stone Soup version 0.31-a0-466-g98c9adc2b6 (webtiles) character file.

Game seed: 13789563865736175788

3426 avis the Gouger (level 9, -4/46 HPs)
             Began as a Felid Shapeshifter on Aug 6, 2023.
             Was an Initiate of Gozag.
             Slain by a cane toad (21 damage)
             ... on level 1 of the Lair of Beasts.
             The game lasted 01:12:27 (12512 turns).

avis the Gouger (Felid Shapeshifter)               Turns: 12512, Time: 01:12:28

Health: -4/46      AC:  2    Str: 15    XL:     9   Next: 76%
Magic:  10/10      EV: 23    Int: 10    God:    Gozag
Gold:   725        SH:  0    Dex: 17    Spells: 8/8 levels left
                                        Lives:  0   Deaths: 2

rFire   . .          .
                       - Unarmed
rCold   . . .        (shield unavailable)
rNeg    . . .        (body armour unavailable)
rPois   +            (helmet unavailable)
rElec   .            (cloak unavailable)
rCorr   .            (gloves unavailable)
SInv    +            (boots unavailable)
Will    ++...        (no amulet)
Stlth   +++          h - ring of poison resistance
HPRegen 0.27/turn    j - ring of willpower
MPRegen 0.12/turn

%: no passive effects
@: beast-form, quick
A: beast (slay +5), very small, claws 1, fangs 3, see invisible, speed 1, shaggy
fur 2, stealthy paws, no weapons or thrown items, no armour, multi-lived
a: Begin Untransformation, Renounce Religion, Potion Petition, Call Merchant,
Bribe Branch


You were on level 1 of the Lair of Beasts.
You worshipped Gozag.
Gozag was pleased with you.
You were a hulking beast.
You visited 3 branches of the dungeon, and saw 13 of its levels.
You also visited: Sewer.

You collected 1745 gold pieces.
You spent 930 gold pieces at shops.
You paid 90 gold pieces to Gozag.

Inventory:

Jewellery
 h - a ring of poison resistance (left paw)
 j - a ring of willpower (right paw)
 B - a ring of fire
Talismans
 b - a beast talisman (active)
 g - a beast talisman (active)
 E - a blade talisman
Wands
 e - a wand of paralysis (1)
 r - a wand of flame (33)
 C - a wand of polymorph (5)
Scrolls
 a - a scroll of butterflies
 d - a scroll of immolation
 f - 2 scrolls of enchant weapon {unknown}
 k - 5 scrolls of teleportation
 l - 4 scrolls of noise {unknown}
 m - 4 scrolls of amnesia {unknown}
 n - 2 scrolls of enchant armour
 p - a scroll of fear
 s - a scroll of brand weapon
 u - 2 scrolls of revelation
 x - a scroll of fog
 y - 4 scrolls of poison
 A - 2 scrolls of silence
 H - a scroll of vulnerability
Potions
 c - 4 potions of attraction
 i - 6 potions of curing
 o - 5 potions of enlightenment
 t - a potion of might
 v - a potion of cancellation
 w - 2 potions of haste
 z - a potion of magic
 F - a potion of invisibility
 G - a potion of brilliance
 I - a potion of degeneration


   Skills:
 + Level 9.6 Fighting
 + Level 9.7 Dodging
 - Level 5.0 Stealth
 + Level 9.7 Unarmed Combat
 * Level 8.3 Shapeshifting


You had 8 spell levels left.
You didn't know any spells.
Your spell library contained the following spells:

 Spells                   Type           Power      Damage    Failure   Level
 Apportation              Tloc           0%         N/A       36%         1
 Kiss of Death            Conj/Necr      0%         2d5       36%         1
 Necrotise                Necr           0%         1d4       36%         1
 Slow                     Hex            0%         N/A       36%         1
 Summon Small Mammal      Summ           0%         N/A       36%         1
 Confusing Touch          Hex            0%         N/A       75%         3
 Gell's Gravitas          Tloc           0%         N/A       75%         3
 Inner Flame              Hex/Fire       0%         N/A       75%         3
 Teleport Other           Tloc           0%         N/A       75%         3
 Vampiric Draining        Necr           0%         2d6       75%         3
 Dispel Undead            Necr           0%         3d6       98%         4
 Yara's Violent Unravell  Hex/Tmut       0%         3d3       100%        5
 Dispersal                Tloc           0%         N/A       100%        6
 Enfeeble                 Hex            0%         N/A       100%        7


Dungeon Overview and Level Annotations

Branches:
Dungeon (10/15)            Temple (1/1) D:5            Lair (2/5) D:9
  Sewer (visited)
  Swamp: Lair:2-3    Shoals: Lair:2-3     Snake: Lair:2-3    Spider: Lair:2-3
    Orc: D:9-12

Altars:
Ashenzari
Elyvilon
Fedhas
Gozag
Hepliaklqana
Kikubaaqudgha
Makhleb
Nemelex Xobeh
Okawaru
Ru
Sif Muna
Trog
Uskayaw
Vehumet
Wu Jian
Xom
Yredelemnul
Zin
The Shining One

Shops:
D:2 ?   D:4 *

Annotations:
Lair:2 1 transporter


Innate Abilities, Weirdness & Mutations

You are a hulking beast.
Your limbs bulge with bestial killing power. (Slay +5)
You have sharp claws.
You have razor-sharp teeth.
You have supernaturally acute eyesight. (SInv)
You cover ground quickly. (Speed+)
You are covered in thick fur. (AC +2)
Your paws help you pounce on unaware monsters.
You are incapable of wielding weapons or throwing items.
You cannot wear armour.
You gain extra lives every three experience levels.


Message History

The bullfrog closely misses you. The bullfrog attacks as you move away!
The bullfrog hits you.
Found 3 boomerangs.
The bullfrog completely misses you.
There is a dry fountain here.
The bullfrog attacks as you move away! The bullfrog completely misses you.
A yak comes into view.
The yak bellows!
The water moccasin hisses angrily.
A yak comes into view.
The yak bellows! x2; You hear a bellow!
You hear a croak.
A yak comes into view.
A cane toad comes into view.
The yak completely misses you. The bullfrog hits you.
The bullfrog attacks as you move away! The bullfrog hits you.
The yak barely misses you. The water moccasin bites you.
The yak completely misses you. The cane toad completely misses you.
There is a dry fountain here.
The bullfrog misses you. The water moccasin barely misses you.
The water moccasin attacks as you move away!
The water moccasin bites you.
You are poisoned.
The water moccasin poisons you!
You feel very sick.
You feel very sick.
You feel sick.
An electric eel comes into view.
You feel sick.
The black mamba hisses angrily.
A nearby plant withers and dies.
The electric eel moves out of view.
There is a stone staircase leading up here.
You feel sick. The cane toad misses you.
The water moccasin completely misses you.
You climb upwards.
You feel sick.
There is a stone staircase leading down here.
You feel better. The cane toad stings you!!
You die...
Your body crumbles into a pile of gold.

.P##.##........#.##.#
....##.#.......####.##
...............# #..#
...(.......##### #..## ##
...........##.#####...# ### #.
.#..[.........##...##.###.######.
###............#....#......##.#..
...............#....##...#.......
#...............hF.).............
..#.......###........###.........
.............<.................##
.............#####...#.###...###
##....#.......##P###...# #####
......#................#
.......................#
......##.####...########
....####.........####


You could see a cane toad.

Vanquished Creatures
  A torpor snail (D:9)
  2 cane toads (Lair:1)
  3 komodo dragons (Lair:1)
  A polar bear (Lair:1)
  4 dream sheep (D:9)
  Sigmund (D:3)
  A wraith (D:9)
  4 wyverns
  13 yaks
  A steam dragon (D:7)
  A water moccasin (Lair:1)
  A black bear (D:7)
  2 orc warriors
  2 sky beasts (D:8)
  4 ice beasts
  2 ogres
  A tengu (D:8)
  A centaur (D:6)
  A phantom (D:5)
  5 bullfrogs
  6 kobold brigands
  3 necrophages (D:7)
  2 scorpions
  A gnoll sergeant (D:9)
  A wyvern zombie (D:7)
  A wight (D:8)
  An electric eel (Lair:2)
  2 bullfrog zombies (D:7)
  3 jellies
  2 hounds
  4 orc priests
  The ghost of bronco the Sneak, a weakling FeSh (D:3)
  A gnoll bouda (D:4)
  Jessica (D:2)
  4 iguanas
  5 orc wizards
  Terence (D:2)
  7 gnolls
  10 adders
  6 river rats
  2 shadow imps
  A white imp (D:8)
  2 worms (D:4)
  3 dart slugs
  21 orcs
  7 bats
  3 endoplasms
  6 giant cockroaches
  6 goblins
  3 hobgoblins
  2 jackals (Sewer)
  3 quokkas
  5 ball pythons
  2 frilled lizards
  26 kobolds
  2 rats
207 creatures vanquished.

Notes
Turn   | Place    | Note
-------+----------+-------------------------------------------
     0 | D:1      | avis the Felid Shapeshifter began the quest for the Orb.
     0 | D:1      | Reached XP level 1. HP: 9/9 MP: 2/2
   174 | D:1      | Reached XP level 2. HP: 13/13 MP: 3/3
   653 | D:2      | Noticed Terence
   660 | D:2      | Found Quviroy's Magic Scroll Shoppe.
   864 | D:2      | Noticed Jessica
   876 | D:2      | Killed Jessica
   877 | D:2      | Reached XP level 3. HP: 2/17 MP: 4/4
  1413 | D:2      | Killed Terence
  1414 | D:2      | Reached XP level 4. HP: 7/21 MP: 5/5
  1500 | D:3      | Noticed Sigmund
  1533 | D:3      | Noticed bronco's ghost (weakling FeSh)
  1533 | D:3      | Found a runed translucent door.
  1533 | D:3      | Found a radiant altar of Vehumet.
  1563 | D:3      | Killed bronco's ghost
  1575 | D:3      | Found a runed translucent door.
  1628 | D:3      | Killed Sigmund
  1629 | D:3      | Reached XP level 5. HP: 6/25 MP: 6/6
  1629 | D:3      | Gained mutation: You are covered in thick fur. (AC +2)
                  | [Felid growth]
  1629 | D:3      | Reached XP level 6. HP: 7/29 MP: 7/7
  1888 | D:3      | Found a glowing drain.
  1925 | Sewer    | Entered a sewer
  2012 | Sewer    | Found a white marble altar of Elyvilon.
  2658 | D:4      | Found Huny's Assorted Antiques.
  2690 | D:4      | Reached skill level 5 in Fighting
  2690 | D:4      | Reached skill level 5 in Unarmed Combat
  2690 | D:4      | Reached XP level 7. HP: 32/33 MP: 8/8
  2720 | D:4      | Found a bloodstained altar of Trog.
  2866 | D:4      | Reached skill level 1 in Stealth
  3013 | D:4      | Found a glowing golden altar of the Shining One.
  3464 | D:5      | Entered Level 5 of the Dungeon
  3655 | D:5      | Found a staircase to the Ecumenical Temple.
  3666 | Temple   | Entered the Ecumenical Temple
  3724 | Temple   | Became a worshipper of Gozag Ym Sagoz the Greedy
  3812 | D:2      | Bought a scroll of revelation for 105 gold pieces
  3812 | D:2      | Bought a scroll of identify for 28 gold pieces
  3963 | D:5      | Reached skill level 5 in Dodging
  4345 | D:5      | Found a sparkling altar of Nemelex Xobeh.
  4630 | D:6      | Reached XP level 8. HP: 14/38 MP: 9/9
  5109 | D:6      | Reached skill level 5 in Shapeshifting
  5422 | D:2      | Bought a scroll of silence for 133 gold pieces
  5422 | D:2      | Bought a scroll of fear for 56 gold pieces
  5422 | D:2      | Bought a scroll of poison for 56 gold pieces
  5422 | D:2      | Bought a scroll of teleportation for 42 gold pieces
  5422 | D:2      | Bought a scroll of identify for 28 gold pieces
  5469 | D:4      | Bought a bubbling golden potion for 23 gold pieces
  5883 | D:7      | HP: 2/40 [orc wizard/puff of flame (6)]
  6043 | D:6      | Reached XP level 9. HP: 15/43 MP: 10/10
  7206 | D:7      | Found an ancient bone altar of Kikubaaqudgha.
  7419 | D:7      | Found a blossoming altar of Fedhas.
  8406 | D:4      | Bought a scroll labelled DOLYGO DAMIEMA for 26 gold pieces
  8406 | D:4      | Bought a scroll labelled PUEQ URAECUHEMP for 26 gold pieces
  8406 | D:4      | Bought 2 scrolls of identify for 104 gold pieces
  8406 | D:4      | Bought a scroll of identify for 52 gold pieces
  8406 | D:4      | Bought a scroll of revelation for 195 gold pieces
  8593 | D:8      | Reached skill level 5 in Stealth
  8593 | D:8      | Reached XP level 10. HP: 49/49 MP: 11/11
  8642 | D:8      | Noticed Maurice
  8647 | D:8      | Maurice changed into Maurice the ice beast
  8647 | D:8      | Noticed Maurice
  8650 | D:8      | Killed Maurice the ice beast
  9902 | D:9      | Found a glowing silver altar of Zin.
 10364 | D:9      | Found a staircase to the Lair.
 10419 | D:9      | Found a sacrificial altar of Ru.
 10656 | D:2      | Bought a scroll of identify for 28 gold pieces
 10656 | D:2      | Bought a scroll of identify for 28 gold pieces
 10880 | Lair:1   | Entered Level 1 of the Lair of Beasts
 10882 | Lair:1   | Noticed a torpor snail
 10950 | Lair:1   | Mangled by a komodo dragon
 10951 | Lair:1   | Reached XP level 9. HP: -6/45 MP: 10/10
 10951 | Lair:1   | Noticed a cane toad
 10953 | Lair:1   | Noticed a polar bear
 10957 | Lair:1   | Killed a cane toad
 11167 | D:10     | Entered Level 10 of the Dungeon
 11230 | D:10     | Found a shimmering blue altar of Sif Muna.
 11445 | D:9      | Reached XP level 10. HP: 14/49 MP: 11/11
 11579 | D:9      | HP: 3/73 [torpor snail (3)]
 11584 | D:9      | HP: 2/73 [torpor snail (8)]
 11586 | D:9      | Killed a torpor snail
 11846 | Lair:1   | HP: 2/49 [komodo dragon (28)]
 11862 | Lair:1   | Noticed a cane toad
 11971 | Lair:1   | Killed a cane toad
 11975 | Lair:1   | Slain by a komodo dragon
 11976 | Lair:1   | Reached XP level 9. HP: -4/46 MP: 10/10
 11985 | Lair:1   | Killed a komodo dragon
 12103 | Lair:1   | Noticed a komodo dragon
 12110 | Lair:1   | Killed a komodo dragon
 12359 | Lair:2   | Noticed a black mamba
 12359 | Lair:2   | Noticed a cane toad
 12387 | Lair:2   | Found a transporter.
 12461 | Lair:2   | Noticed a rime drake
 12496 | Lair:2   | Noticed a cane toad
 12512 | Lair:1   | Slain by a cane toad

Illustrated notes

Levels and vault maps discovered:
D:1:      amcnicky_arrival_double_pillar, layout_basic
D:2:      layout_basic, serial_shops, shop, uniq_jessica, uniq_terence
D:3:      layout_loops_cross, amcnicky_altar_gilded, portal_sewer_entry_b,
          ebering_ghost_sewer_f, uniq_sigmund
D:4:      layout_basic, tso_oasis_becter,
          mainiacjoe_overflow_concentric_impassable, serial_shops,
          nicolae_shop_crystal
D:5:      layout_rooms, kennysheep_little_box, minmay_temple_entry_proselytizer
D:6:      layout_basic, corexii_leaking_fountain, minivault_11
D:7:      layout_basic, mainiacjoe_overflow_alcove_1, fedhas_altar_decomposition
D:8:      minmay_recursive_quarters, layout_cave_pools, st_stairs_1,
          uniq_maurice
D:9:      layout_rooms, general_overflow_altar, lemuel_tele_altar,
          lair_entry_dummy
D:10:     minmay_inner_zag, layout_long_grid,
          nicolae_overflow_macrodata_refinement, hiddenorc2_lemuel,
          hangedman_decor_slide_cut, lemuel_flamethrower_2
Temple:   cyrus_temple_forest
Lair:1:   layout_misc_corridors
Lair:2:   gammafunk_worm_tunnel, layout_small_grid, minmay_holes,
          chequers_serial_rivers_small_b, grunt_megastairs_3,
          infiniplex_staircase_pool_2, serial_bayou_shore_b,
          serial_bayou_shore_a

Skill      XL: |  1  2  3  4  5  6  7  8  9 10 |
---------------+-------------------------------+-----
Fighting       | 2 3 4 5 7 8 9 |  9.6
Dodging        | 3 4 5 6 9 8 |  9.7
Unarmed Combat | 4 5 7 8 9 |  9.7
Shapeshifting  | 4 5 8 |  8.3
Stealth        | 1 2 5 |  5.0

Action                     |  1- 3 |  4- 6 |  7- 9 | 10-12 || total
---------------------------+-------+-------+-------+-------++-------
  Melee: Unarmed           |    52 |   104 |   378 |   163 ||   697
         Bite              |     5 |     9 |    38 |    20 ||    72
         Punch             |     1 |     3 |    15 |     6 ||    25
  Evoke: Wand              |       |       |     4 |     5 ||     9
    Use: Potion            |       |     3 |     6 |     5 ||    14
         Scroll            |       |       |    11 |     4 ||    15
   Stab: Sleeping          |     3 |     3 |     8 |     2 ||    16
         Paralysed         |       |       |     3 |       ||     3
         Distracted        |       |       |       |     3 ||     3
 Armour: Skin              |     1 |    12 |    22 |    20 ||    55
  Dodge: Dodged            |    25 |    77 |   274 |   143 ||   519

Table legend: (Time is in decaauts)
 A = Elapsed time spent in this place.
 B = Non-inter-level travel time spent in this place.
 C = Inter-level travel time spent in this place.
 D = Time resting spent in this place.
 E = Time spent auto-exploring this place.
 F = Levels seen in this place.
 G = Mean time per level.
                   A        B        C        D        E       F      G
               +--------+--------+--------+--------+--------+-----+--------+
         Total |  10939 |   9285 |   1654 |   3010 |   3238 |  14 |  781.4 |
       Dungeon |  10052 |   8463 |   1589 |   2951 |   2972 |  10 | 1005.2 |
        Temple |     90 |     66 |     24 |      0 |     19 |   1 |   90.0 |
          Lair |    607 |    567 |     40 |     59 |    246 |   2 |  303.5 |
         Sewer |    189 |    189 |      0 |      0 |      0 |   1 |  189.0 |
               +--------+--------+--------+--------+--------+-----+--------+

Top non-repeatable levels by time:
     D:7: 1658 daAuts
     D:9: 1364 daAuts
     D:6: 1362 daAuts
     D:8: 1303 daAuts
     D:5: 1065 daAuts
     D:2: 1053 daAuts
     D:4: 1035 daAuts
     D:3: 768 daAuts
  Lair:1: 491 daAuts
     D:1: 417 daAuts
   Sewer: 189 daAuts
  Lair:2: 116 daAuts
  Temple: 90 daAuts
    D:10: 22 daAuts
